TOP OF THE 1ST |
Butler White Sox batting - Pitching for Intercourse Amish : RHP Jeff Davis
|
Pitching: RHP Jeff Davis
|
|
Batting: LHB Kyle Robbins
|
0-0: Ball 1-0: Foul Ball, location: 2F 1-1: Called Strike 1-2: SINGLE (Groundball, 34D)
|
Batting: RHB Luis Ramos
|
0-0: Ball Kyle Robbins steals 2nd base 1-0: Foul Ball, location: 2F 1-1: Called Strike 1-2: Ball 2-2: SINGLE (Line Drive, 9LS) Kyle Robbins to third
|
Batting: LHB Denny Allen
|
0-0: Fielders Choice at 2nd, 3-6 (Groundball, 3) Kyle Robbins scores
|
Batting: RHB Bobby Murdock
|
0-0: Called Strike 0-1: Ball 1-1: Ball 2-1: Ball 3-1: Base on Balls Denny Allen to second
|
Batting: LHB Thomas Dixon
|
0-0: Called Strike Denny Allen steals 3rd base Bobby Murdock to second 0-1: Ball 1-1: Ball 2-1: SINGLE (Line Drive, 4MD) Denny Allen scores Bobby Murdock to third
|
Batting: RHB Jerry Moore
|
0-0: Ball 1-0: Fly out, F5 (Popup, 5L)
|
Batting: RHB Luis Fuentes
|
0-0: Foul Ball, location: 2F 0-1: Foul Ball, location: 2F 0-2: Strikes out swinging
|
Top of the 1st over - 2 run(s), 3 hit(s), 0 error(s), 2 left on base; Butler 2 - Intercourse 0 |
BOTTOM OF THE 1ST |
Intercourse Amish batting - Pitching for Butler White Sox : RHP Wilson Yoxall
|
Pitching: RHP Wilson Yoxall
|
|
Batting: LHB Dave Reynolds
|
0-0: Ball 1-0: Ball 2-0: Foul Ball, location: 2F 2-1: Ground out 4-3 (Groundball, 4)
|
Batting: RHB Frank Maxwell
|
0-0: Ball 1-0: Ball 2-0: Ball 3-0: Base on Balls
|
Batting: RHB John Little
|
0-0: Grounds into double play, 6-4-3 (Groundball, 6D)
|
Bottom of the 1st over - 0 run(s), 0 hit(s), 0 error(s), 0 left on base; Butler 2 - Intercourse 0 |
TOP OF THE 2ND |
Butler White Sox batting - Pitching for Intercourse Amish : RHP Jeff Davis
|
Batting: SHB Tomás Escobar
|
0-0: Ball 1-0: Called Strike 1-1: Ball 2-1: Called Strike 2-2: Foul Ball, location: 2F 2-2: Ball 3-2: Ground out 3-1 (Groundball, 34)
|
Batting: RHB Steve Clifton
|
0-0: Called Strike 0-1: Ball 1-1: Ball 2-1: Foul Ball, location: 2F 2-2: Strikes out swinging
|
Batting: LHB Kyle Robbins
|
0-0: Called Strike 0-1: Swinging Strike 0-2: Ball 1-2: Foul Ball, location: 2F 1-2: Strikes out looking
|
Top of the 2nd over - 0 run(s), 0 hit(s), 0 error(s), 0 left on base; Butler 2 - Intercourse 0 |
BOTTOM OF THE 2ND |
Intercourse Amish batting - Pitching for Butler White Sox : RHP Wilson Yoxall
|
Batting: RHB Juan Estrada
|
0-0: Foul Ball, location: 2F 0-1: Called Strike 0-2: Ball 1-2: Strikes out swinging
|
Batting: LHB Tony O'Bryan
|
0-0: Ball 1-0: Ball 2-0: Fly out, F7 (Flyball, 78S)
|
Batting: RHB Juan Caceres
|
0-0: Ball 1-0: Ball 2-0: Ball 3-0: Called Strike 3-1: Base on Balls
|
Batting: SHB Conan Hanson
|
0-0: Ball 1-0: Called Strike 1-1: Ball 2-1: Foul Ball, location: 2F 2-2: Ball Juan Caceres is caught stealing 2nd base
|
Bottom of the 2nd over - 0 run(s), 0 hit(s), 0 error(s), 0 left on base; Butler 2 - Intercourse 0 |
TOP OF THE 3RD |
Butler White Sox batting - Pitching for Intercourse Amish : RHP Jeff Davis
|
Batting: RHB Luis Ramos
|
0-0: Foul Ball, location: 2F 0-1: SOLO HOME RUN (Flyball, 89XD), Distance : 406 ft
|
Batting: LHB Denny Allen
|
0-0: Foul Ball, location: 2F 0-1: SINGLE (Line Drive, 56D)
|
Batting: RHB Bobby Murdock
|
0-0: Ball 1-0: Called Strike 1-1: Called Strike 1-2: Ball 2-2: Fly out, F7 (Flyball, 78M)
|
Batting: LHB Thomas Dixon
|
0-0: Ball Denny Allen steals 2nd base 1-0: Ball 2-0: Ball 3-0: Base on Balls
|
Batting: RHB Jerry Moore
|
0-0: Called Strike Denny Allen steals 3rd base Thomas Dixon to second 0-1: Ball 1-1: Ball 2-1: Called Strike 2-2: Ball 3-2: Base on Balls
|
Batting: RHB Luis Fuentes
|
0-0: Swinging Strike 0-1: Ball 1-1: Foul Ball, location: 2F 1-2: Strikes out swinging
|
Batting: SHB Tomás Escobar
|
0-0: Ball 1-0: Called Strike 1-1: Ball 2-1: Ball 3-1: Ground out 4-3 (Groundball, 4D)
|
Top of the 3rd over - 1 run(s), 2 hit(s), 0 error(s), 3 left on base; Butler 3 - Intercourse 0 |
BOTTOM OF THE 3RD |
Intercourse Amish batting - Pitching for Butler White Sox : RHP Wilson Yoxall
|
Batting: SHB Conan Hanson
|
0-0: Called Strike 0-1: Foul Ball, location: 2F 0-2: Ball 1-2: Strikes out looking
|
Batting: RHB Holden Davis
|
0-0: Ball 1-0: Called Strike 1-1: Ball 2-1: Called Strike 2-2: Foul Ball, location: 2F 2-2: Ball 3-2: Strikes out swinging
|
Batting: RHB Pablo Díaz
|
0-0: Ball 1-0: Ball 2-0: Ball 3-0: Called Strike 3-1: Foul Ball, location: 2F 3-2: Base on Balls
|
Batting: LHB Dave Reynolds
|
0-0: Foul Ball, location: 2F 0-1: Foul Ball, location: 2F 0-2: Ball 1-2: Foul Ball, location: 2F 1-2: SINGLE (Line Drive, 56D) Pablo Díaz to second
|
Batting: RHB Frank Maxwell
|
0-0: Swinging Strike 0-1: Swinging Strike 0-2: Ball 1-2: Strikes out swinging
|
Bottom of the 3rd over - 0 run(s), 1 hit(s), 0 error(s), 2 left on base; Butler 3 - Intercourse 0 |
TOP OF THE 4TH |
Butler White Sox batting - Pitching for Intercourse Amish : RHP Jeff Davis
|
Batting: RHB Steve Clifton
|
0-0: Foul Ball, location: 2F 0-1: Fly out, F2 (Popup, 25)
|
Batting: LHB Kyle Robbins
|
0-0: Called Strike 0-1: Foul Ball, location: 2F 0-2: Ball 1-2: Strikes out swinging
|
Batting: RHB Luis Ramos
|
0-0: Called Strike 0-1: SINGLE (Line Drive, 8LS)
|
Batting: LHB Denny Allen
|
0-0: Called Strike 0-1: Foul Ball, location: 2F 0-2: Strikes out swinging
|
Top of the 4th over - 0 run(s), 1 hit(s), 0 error(s), 1 left on base; Butler 3 - Intercourse 0 |
BOTTOM OF THE 4TH |
Intercourse Amish batting - Pitching for Butler White Sox : RHP Wilson Yoxall
|
Batting: RHB John Little
|
0-0: Swinging Strike 0-1: Swinging Strike 0-2: Strikes out swinging
|
Batting: RHB Juan Estrada
|
0-0: Called Strike 0-1: Called Strike 0-2: Fly out, F7 (Flyball, 7LMF)
|
Batting: LHB Tony O'Bryan
|
0-0: Fly out, F9 (Flyball, 9LMF)
|
Bottom of the 4th over - 0 run(s), 0 hit(s), 0 error(s), 0 left on base; Butler 3 - Intercourse 0 |
TOP OF THE 5TH |
Butler White Sox batting - Pitching for Intercourse Amish : RHP Jeff Davis
|
Batting: RHB Bobby Murdock
|
0-0: Foul Ball, location: 2F 0-1: SINGLE (Line Drive, 56)
|
Batting: LHB Thomas Dixon
|
0-0: Foul Ball, location: 2F 0-1: SINGLE (Line Drive, 89M) Bobby Murdock to second
|
Batting: RHB Jerry Moore
|
0-0: Foul Ball, location: 2F 0-1: SINGLE (Groundball, 34D) Bobby Murdock to third Thomas Dixon to second
|
Batting: RHB Luis Fuentes
|
0-0: SINGLE (Flyball, 9LS) Bobby Murdock scores Thomas Dixon to third Jerry Moore to second Runner from 3rd tries for Home, SAFE, throw made at trailing runner, SAFE at third!
|
Pitching: RHP Cristián Torres
|
|
Batting: SHB Tomás Escobar
|
0-0: DOUBLE (Line Drive, 89M) Jerry Moore scores Luis Fuentes to third
|
Batting: RHB Steve Clifton
|
0-0: Ground out 5-3 (Groundball, 5S)
|
Batting: LHB Kyle Robbins
|
0-0: Fly out, F9 (Flyball, 9) Runner from 3rd tags up, SCORES, no throw
|
Batting: RHB Luis Ramos
|
0-0: SINGLE (Line Drive, 8LS) Tomás Escobar to third
|
Batting: LHB Denny Allen
|
0-0: Ball 1-0: Ball 2-0: Ball 3-0: Called Strike 3-1: Fly out, F4 (Popup, 34D)
|
Top of the 5th over - 4 run(s), 6 hit(s), 0 error(s), 2 left on base; Butler 7 - Intercourse 0 |
BOTTOM OF THE 5TH |
Intercourse Amish batting - Pitching for Butler White Sox : RHP Wilson Yoxall
|
Batting: RHB Juan Caceres
|
0-0: Foul Ball, location: 2F 0-1: Ball 1-1: Foul Ball, location: 2F 1-2: Ground out 4-3 (Groundball, 4)
|
Batting: SHB Conan Hanson
|
0-0: SINGLE (Groundball, 56S) (infield hit)
|
Batting: RHB Holden Davis
|
0-0: Ball 1-0: Ball 2-0: Grounds into double play, 5-4-3 (Groundball, 56)
|
Bottom of the 5th over - 0 run(s), 1 hit(s), 0 error(s), 0 left on base; Butler 7 - Intercourse 0 |
TOP OF THE 6TH |
Butler White Sox batting - Pitching for Intercourse Amish : RHP Cristián Torres
|
Batting: RHB Bobby Murdock
|
0-0: Foul Ball, location: 2F 0-1: Ball 1-1: Foul Ball, location: 2F 1-2: Foul Ball, location: 2F 1-2: Strikes out swinging wild pitch, reaches first!
|
Batting: LHB Thomas Dixon
|
0-0: Ball 1-0: Ball 2-0: Ball 3-0: Base on Balls Bobby Murdock to second
|
Batting: RHB Jerry Moore
|
0-0: Ball 1-0: Grounds into double play, U5-3 (Groundball, 5L) Thomas Dixon to second
|
Batting: RHB Luis Fuentes
|
0-0: Ball 1-0: Ball 2-0: Swinging Strike 2-1: Ball 3-1: Base on Balls
|
Batting: SHB Tomás Escobar
|
0-0: Ball 1-0: Called Strike 1-1: DOUBLE (Line Drive, 89M) Thomas Dixon scores Luis Fuentes to third Runner from 3rd tries for Home, SAFE, no throw
|
Batting: RHB Steve Clifton
|
0-0: Ball 1-0: Ball 2-0: Ball 3-0: Base on Balls
|
Batting: LHB Kyle Robbins
|
0-0: Ball 1-0: Ground out U3 (Groundball, 3L)
|
Top of the 6th over - 2 run(s), 1 hit(s), 0 error(s), 2 left on base; Butler 9 - Intercourse 0 |
BOTTOM OF THE 6TH |
Intercourse Amish batting - Pitching for Butler White Sox : RHP Wilson Yoxall
|
Batting: RHB Pablo Díaz
|
0-0: Ball 1-0: Fly out, F5 (Line Drive, 5)
|
Batting: LHB Dave Reynolds
|
0-0: Ball 1-0: SINGLE (Line Drive, 89S)
|
Batting: RHB Frank Maxwell
|
0-0: Fly out, F9 (Flyball, 9LM)
|
Batting: RHB John Little
|
0-0: Fly out, F7 (Flyball, 7LM)
|
Bottom of the 6th over - 0 run(s), 1 hit(s), 0 error(s), 1 left on base; Butler 9 - Intercourse 0 |
TOP OF THE 7TH |
Butler White Sox batting - Pitching for Intercourse Amish : RHP Cristián Torres
|
Batting: RHB Luis Ramos
|
0-0: Fly out, F9 (Flyball, 9LS)
|
Batting: LHB Denny Allen
|
0-0: Fly out, F8 (Line Drive, 8LS)
|
Batting: RHB Bobby Murdock
|
0-0: Ball 1-0: Ground out 5-3 (Groundball, 5)
|
Top of the 7th over - 0 run(s), 0 hit(s), 0 error(s), 0 left on base; Butler 9 - Intercourse 0 |
BOTTOM OF THE 7TH |
Intercourse Amish batting - Pitching for Butler White Sox : RHP Wilson Yoxall
|
Batting: RHB Juan Estrada
|
0-0: DOUBLE (Line Drive, 7LM)
|
Batting: LHB Tony O'Bryan
|
0-0: Called Strike 0-1: Ball 1-1: Ball 2-1: Ball 3-1: Foul Ball, location: 2F 3-2: Foul Ball, location: 2F 3-2: Foul Ball, location: 2F 3-2: SINGLE (Groundball, 34) (infield hit) Juan Estrada to third
|
Batting: RHB Juan Caceres
|
0-0: Called Strike 0-1: Called Strike 0-2: Ball 1-2: Strikes out swinging
|
Batting: SHB Conan Hanson
|
0-0: Called Strike 0-1: Ball 1-1: Called Strike 1-2: SINGLE (Groundball, 34D) Juan Estrada scores Tony O'Bryan to second Runner from 2nd tries for 3rd, SAFE, no throw
|
Batting: RHB Holden Davis
|
0-0: Ball 1-0: Ball 2-0: Ball 3-0: Called Strike 3-1: Called Strike 3-2: Foul Ball, location: 2F 3-2: Base on Balls Conan Hanson to second
|
Pitching: RHP Mauro Vásquez
|
|
Batting: RHB Pablo Díaz
|
0-0: Called Strike 0-1: Foul Ball, location: 2F 0-2: Ball 1-2: Hit by Pitch Tony O'Bryan scores Conan Hanson to third Holden Davis to second
|
Batting: LHB Dave Reynolds
|
0-0: Called Strike 0-1: Foul Ball, location: 2F 0-2: Ball 1-2: Foul Ball, location: 2F 1-2: Ball 2-2: Ball 3-2: Foul Ball, location: 2F 3-2: Fly out, F9 (Flyball, 89D) Runner from 3rd tags up, SCORES, no throw
|
Batting: RHB Frank Maxwell
|
0-0: Ball 1-0: Ground out 5-3 (Groundball, 56S)
|
Bottom of the 7th over - 3 run(s), 3 hit(s), 0 error(s), 2 left on base; Butler 9 - Intercourse 3 |
TOP OF THE 8TH |
Butler White Sox batting - Pitching for Intercourse Amish : RHP Cristián Torres
|
Batting: LHB Thomas Dixon
|
0-0: Ball 1-0: Called Strike 1-1: Swinging Strike 1-2: Ball 2-2: Foul Ball, location: 2F 2-2: Ball 3-2: Base on Balls
|
Batting: RHB Jerry Moore
|
0-0: Called Strike 0-1: Swinging Strike 0-2: Strikes out looking
|
Batting: RHB Luis Fuentes
|
0-0: Ball 1-0: Swinging Strike 1-1: Swinging Strike 1-2: Foul Ball, location: 2F 1-2: Foul Ball, location: 2F 1-2: Ball 2-2: Strikes out swinging
|
Batting: SHB Tomás Escobar
|
0-0: Fly out, F9 (Flyball, 9LM)
|
Top of the 8th over - 0 run(s), 0 hit(s), 0 error(s), 1 left on base; Butler 9 - Intercourse 3 |
BOTTOM OF THE 8TH |
Intercourse Amish batting - Pitching for Butler White Sox : RHP Mauro Vásquez
|
Now at 3B: Júlio Hernández
|
|
Batting: RHB John Little
|
0-0: Ground out 4-3 (Groundball, 4)
|
Batting: RHB Juan Estrada
|
0-0: Called Strike 0-1: Swinging Strike 0-2: Ball 1-2: Ball 2-2: SINGLE (Groundball, 56D)
|
Batting: LHB Tony O'Bryan
|
0-0: Ball 1-0: Called Strike 1-1: Swinging Strike 1-2: Ball 2-2: Ball 3-2: Base on Balls Juan Estrada to second
|
Batting: RHB Juan Caceres
|
0-0: Foul Ball, location: 2F 0-1: Ball 1-1: Foul Ball, location: 2F 1-2: Strikes out swinging
|
Batting: SHB Conan Hanson
|
0-0: Foul Ball, location: 2F 0-1: 3-RUN HOME RUN (Flyball, 9D), Distance : 394 ft
|
Pitching: RHP Steve Newman
|
|
Batting: RHB Holden Davis
|
0-0: Ball 1-0: Swinging Strike 1-1: Ball 2-1: Ball 3-1: Foul Ball, location: 2F 3-2: Base on Balls
|
Batting: RHB Pablo Díaz
|
0-0: Ball 1-0: Called Strike 1-1: Fly out, F8 (Flyball, 8LD)
|
Bottom of the 8th over - 3 run(s), 2 hit(s), 0 error(s), 1 left on base; Butler 9 - Intercourse 6 |
TOP OF THE 9TH |
Butler White Sox batting - Pitching for Intercourse Amish : RHP Cristián Torres
|
Pitching: LHP Justin Short
|
|
Batting: RHB Steve Clifton
|
0-0: Ball 1-0: Reached on error, E4 (Groundball, 4)
|
Batting: LHB Kyle Robbins
|
0-0: Bunted foul 0-1: Bunted foul 0-2: Strikes out swinging
|
Batting: RHB Luis Ramos
|
0-0: Called Strike 0-1: Foul Ball, location: 2F 0-2: Fly out, F9 (Flyball, 89D)
|
Batting: LHB Denny Allen
|
0-0: Foul Ball, location: 2F 0-1: Ground out 4-3 (Groundball, 4S)
|
Top of the 9th over - 0 run(s), 0 hit(s), 1 error(s), 1 left on base; Butler 9 - Intercourse 6 |
BOTTOM OF THE 9TH |
Intercourse Amish batting - Pitching for Butler White Sox : RHP Steve Newman
|
Pitching: RHP Eric Wilson
|
|
Batting: LHB Dave Reynolds
|
0-0: Ball 1-0: Ball 2-0: Ball 3-0: Called Strike 3-1: Base on Balls
|
Batting: RHB Frank Maxwell
|
0-0: Grounds into double play, 6-4-3 (Groundball, 6)
|
Batting: RHB John Little
|
0-0: Called Strike 0-1: Ground out 1-3 (Groundball, 13S)
|
Bottom of the 9th over - 0 run(s), 0 hit(s), 0 error(s), 0 left on base; Butler 9 - Intercourse 6 |
|